 Dungeon Crawl Stone Soup version 0.24.0-13-gcf9b319 (webtiles) character file.

Game seed: 5523641236411868269, levelgen mode: deterministic

50 Bronimir the Shooter (level 3, -6/28 HPs)
             Began as a Centaur Arcane Marksman on Mar 27, 2020.
             Mangled by Crazy Yiuf
             ... wielding a +4 quarterstaff of chaos
              (7 damage)
             ... on level 2 of the Dungeon.
             The game lasted 00:06:25 (2588 turns).

Bronimir the Shooter (Centaur Arcane Marksman)      Turns: 2588, Time: 00:06:26

Health: -6/28      AC:  4    Str: 13    XL:     3   Next: 55%
Magic:  3/4        EV:  9    Int: 12    God:
Gold:   105        SH:  0    Dex:  9    Spells: 1/4 levels left

rFire    . . .     SeeInvis .   b - +0 hand axe
rCold    . . .     Gourm    .   (no shield)
rNeg     . . .     Faith    .   m - +0 leather armour (curse)
rPois    .         Spirit   .   (no helmet)
rElec    .         Reflect  .   (no cloak)
rCorr    .         Harm     .   (no gloves)
MR       .....                  (no barding)
Stlth    ..........             (no amulet)
HPRegen  0.09/turn              (no ring)
MPRegen  0.09/turn              (no ring)

@: very slightly contaminated, invisible, very quick
A: large, hooves 3, deformed body, speed 2, tough skin 3
a: no special abilities


You were on level 2 of the Dungeon.
You were not hungry.

You visited 1 branch of the dungeon, and saw 2 of its levels.

You collected 105 gold pieces.

Inventory:

Hand Weapons
 a - a +0 shortbow
 b - a +0 hand axe (weapon)
Missiles
 c - 22 bolts
 h - 4 arrows
 l - 52 stones (quivered)
 n - 5 boomerangs
Armour
 e - a +0 robe
 m - a cursed +0 leather armour (worn)
Wands
 q - a wand of digging (4)
Scrolls
 g - 4 scrolls of identify {unknown}
 i - 2 scrolls of remove curse {unknown}
 j - a scroll of immolation {unknown}
 k - a scroll of magic mapping {unknown}
Potions
 p - a potion of brilliance
Comestibles
 f - a ration


   Skills:
 + Level 1.1 Fighting
 + Level 0.1 Axes
 * Level 4.3 Bows
 * Level 0.5 Armour
 + Level 1.5 Dodging
 + Level 1.0 Spellcasting
 * Level 3.0 Hexes


You had one spell level left.
You knew the following spells:

 Your Spells              Type           Power        Failure   Level  Hunger
a - Corona                Hex            #......      11%         1    ##.....
b - Slow                  Hex            #.......     16%         2    ###....

Your spell library contained the following spells:

 Spells                   Type           Power        Failure   Level  Hunger
 Inner Flame              Hex/Fire       #.......     52%         3    ####...
 Portal Projectile        Hex/Tloc       #.....       52%         3    ####...
 Cause Fear               Hex            #.........   71%         4    #####..
 Leda's Liquefaction      Hex/Erth       #.........   90%         4    #####..


Dungeon Overview and Level Annotations

Branches:
Dungeon (2/15)

Altars:
Kikubaaqudgha
Qazlal
Vehumet
Wu Jian

Annotations:
D:2 Crazy Yiuf


Innate Abilities, Weirdness & Mutations

You have hooves in place of feet.
Armour fits poorly on your strangely shaped body.
You cover ground very quickly.
You have extremely tough skin. (AC +3)


Message History

Crazy Yiuf is lightly wounded.
Firing (i - inventory. (/) - cycle)
h - 5 arrows (quivered)
Press: ? - help, Shift-Dir - straight line, f/p - Crazy Yiuf
Aim: Crazy Yiuf, wielding a +4 quarterstaff of chaos and wearing a +1 cloak (lightly wounded, slow)
You shoot an arrow. The arrow hits Crazy Yiuf.
Crazy Yiuf is moderately wounded.
b - a +0 hand axe (weapon)
You closely miss Crazy Yiuf.
Crazy Yiuf is moderately wounded.
Crazy Yiuf is no longer moving slowly.
Crazy Yiuf hits you with a +4 quarterstaff of chaos!
You fade into invisibility!
You are very lightly contaminated with residual magic.
You hit Crazy Yiuf. You kick Crazy Yiuf.
Crazy Yiuf is severely wounded.
Crazy Yiuf hits you with a +4 quarterstaff of chaos!
Ouch! That really hurt!
* * * LOW HITPOINT WARNING * * *
Crazy Yiuf freezes you!
You die...

##.# #..# ####.# ###.####.#
##.# #..###....# #......#
..#########..#### ######.#
###...#...##.# #.#
##.........### #.#
......÷...._#####♣♣ ### #.#
.#.........###..#.♣♣ ♣♣#..)#
#.#
###...#...##.<.....♣♣♣♣.'...#
#.# #
#########.....@g((♣.g♣#...#
#.# # #..##.#..♣.♣♣♣ ### #.#
# #..####♣♣♣♣♣ #.# # #####..#
#.# #######......# ### #..
............## #.# #.#
.>......###.# #.# ###
###########.# #.# #E# #
#....# #.#####


You could see Crazy Yiuf.

Vanquished Creatures
  An adder (D:2)
  A worm (D:2)
  3 dart slugs (D:1)
  2 ball pythons (D:1)
  7 bats (D:1)
  2 giant cockroaches
  4 hobgoblins
  3 kobolds
  2 quokkas (D:2)
  2 frilled lizards (D:1)
  3 goblins (D:2)
30 creatures vanquished.

Notes
Turn   | Place    | Note
-------+----------+-------------------------------------------
     0 | D:1      | Bronimir the Centaur Arcane Marksman began the quest for
                  | the Orb.
     0 | D:1      | Reached XP level 1. HP: 16/16 MP: 2/2
   195 | D:1      | Reached skill level 3 in Bows
   250 | D:1      | Reached XP level 2. HP: 23/23 MP: 3/3
   278 | D:1      | Learned a level 2 spell: Slow
  1266 | D:2      | Found an ornate altar of the Wu Jian Council.
  1428 | D:2      | HP: 1/23 [adder (1)]
  1436 | D:2      | Reached skill level 4 in Bows
  1436 | D:2      | Reached XP level 3. HP: 8/28 MP: 1/4
  2097 | D:2      | Found a radiant altar of Vehumet.
  2140 | D:2      | Noticed an earth elemental
  2141 | D:2      | Found a stormy altar of Qazlal.
  2143 | D:2      | Noticed an air elemental
  2144 | D:2      | Noticed a fire elemental
  2144 | D:2      | Noticed a water elemental
  2232 | D:2      | Found an ancient bone altar of Kikubaaqudgha.
  2568 | D:2      | Found a runed translucent door.
  2569 | D:2      | Noticed Crazy Yiuf
  2588 | D:2      | HP: 1/28 [Crazy Yiuf/+4 quarterstaff of chaos (17)]
  2588 | D:2      | Mangled by Crazy Yiuf

Levels and vault maps discovered:
D:1:      minmay_arrival_jagged, layout_basic
D:2:      minmay_evil_eye, layout_loops_ring, marbit_many_paths,
          vehumet_crystals, nicolae_overflow_crystal_walls,
          nicolae_qazlal_style_of_elements, uniq_crazy_yiuf_cottage

Skill      XL: |  1  2  3 |
---------------+----------+-----
Bows           | 3 4 |  4.3
Hexes          | 3 |  3.0
Fighting       | |  1.1
Axes           | |  0.1
Armour         | |  0.5
Dodging        | |  1.5
Spellcasting   | |  1.0

Action                   || total
-------------------------++-------
Melee: Hand axe          ||    48
       Kick              ||     9
 Fire: Shortbow          ||    71
Throw: Stone             ||    12
 Cast: Slow              ||     1
  Use: Potion            ||     4
  Eat: Chunk             ||     4
Armor: Leather armour    ||    27
       Robe              ||     5
Dodge: Dodged            ||    49
